 Dungeon Crawl Stone Soup version 0.23-a0-359-g9beedce (webtiles) character file.

1276 Gorice the Magician (level 8, 0/58 HPs)
             Began as a Gnoll Wanderer on Oct 23, 2018.
             Slain by an ogre
             ... wielding a +0 giant spiked club
              (26 damage)
             ... on level 4 of the Dungeon.
             The game lasted 00:18:54 (6400 turns).

Gorice the Magician (Gnoll Wanderer)                Turns: 6400, Time: 00:18:55

Health: 0/58       AC:  9    Str: 19    XL:     8   Next: 54%
Magic:  17/17      EV: 11    Int: 15    God:
Gold:   309        SH:  0    Dex: 12    Spells: 19/19 levels left

rFire    + . .     SeeInvis .   a - +3 short sword (venom)
rCold    + . .     Gourm    .   (no shield)
rNeg     . . .     Faith    .   r - +1 scale mail {rF+}
rPois    .         Spirit   .   (no helmet)
rElec    .         Reflect  .   l - +1 cloak
rCorr    .         Harm     .   (no gloves)
MR       .....                  (no boots)
Stlth    +.........             (no amulet)
HPRegen  0.19/turn              c - ring of protection from cold
MPRegen  0.15/turn              (no ring)

@: drained
A: distributed training, fangs 1, strong nose
a: no special abilities


You were on level 4 of the Dungeon.
You were not hungry.

You visited 1 branch of the dungeon, and saw 5 of its levels.

You collected 309 gold pieces.

Inventory:

Hand Weapons
 a - a +3 short sword of venom (weapon)
   (You found it on level 1 of the Dungeon)
 o - a +0 flail of crushing
   (You took it off Terence on level 2 of the Dungeon)
 y - a +2 hand axe of freezing
   (You took it off an orc warrior on level 4 of the Dungeon)
 z - a +3 halberd of flaming
   (You took it off a gnoll on level 3 of the Dungeon)
Missiles
 e - 16 tomahawks (quivered)
 i - 6 curare-tipped needles
 m - 73 arrows
 p - 4 poisoned javelins
 w - 30 sling bullets
 Y - 106 stones
 Z - a throwing net {!f}
Armour
 g - a +0 chain mail
 k - a +0 ring mail
 l - a +1 cloak (worn)
 r - a +1 scale mail of fire resistance (worn)
   (You took it off an orc on level 3 of the Dungeon)
Jewellery
 c - a ring of protection from cold (left hand)
Scrolls
 b - 2 scrolls of remove curse
 j - 4 scrolls of identify
 n - 3 scrolls of teleportation {!r}
 q - a scroll of fear {!r}
Potions
 h - a potion of mutation {!q}
 s - a potion of flight
 t - a potion of might {!q}
 u - a potion of haste {!q}
 v - 2 potions of curing
 x - a potion of resistance {!q}
Comestibles
 d - 2 chunks of flesh
 f - 7 rations


   Skills:
 + Level 3.3(3.1) Fighting
 + Level 3.3(3.1) Short Blades
 + Level 3.3(3.1) Long Blades
 + Level 3.3(3.1) Axes
 + Level 3.3(3.1) Maces & Flails
 + Level 3.3(3.1) Polearms
 + Level 3.3(3.1) Staves
 + Level 3.3(3.1) Slings
 + Level 3.3(3.1) Bows
 + Level 3.3(3.1) Crossbows
 + Level 3.3(3.1) Throwing
 + Level 3.3(3.1) Armour
 + Level 3.3(3.1) Dodging
 + Level 4.1(4.0) Stealth
 + Level 4.2(4.1) Shields
 + Level 3.3(3.1) Unarmed Combat
 + Level 6.0(5.9) Spellcasting
 + Level 4.7(4.6) Conjurations
 + Level 2.6(2.5) Hexes
 + Level 2.6(2.5) Charms
 + Level 2.6(2.5) Summonings
 + Level 2.6(2.5) Necromancy
 + Level 2.6(2.5) Translocations
 + Level 4.7(4.6) Transmutations
 + Level 4.7(4.6) Fire Magic
 + Level 2.6(2.5) Ice Magic
 + Level 2.6(2.5) Air Magic
 + Level 2.6(2.5) Earth Magic
 + Level 2.6(2.5) Poison Magic
 + Level 3.6(3.5) Invocations
 + Level 3.3(3.1) Evocations


You had 19 spell levels left.
You didn't know any spells.
Your spell library contained the following spells:

 Spells                   Type           Power        Failure   Level  Hunger
 Flame Tongue             Conj/Fire      ###..        7%          1    None
 Throw Flame              Conj/Fire      ###...       10%         2    #......
 Sting                    Conj/Pois      ###.         11%         1    None
 Conjure Flame            Conj/Fire      ###.....     21%         3    ###....
 Inner Flame              Hex/Fire       ###.....     30%         3    ###....
 Spider Form              Tmut/Pois      ###.......   30%         3    ###....
 Sticky Flame             Conj/Fire      ###.....     54%         4    ####...
 Fireball                 Conj/Fire      ###.......   88%         5    ######.


Dungeon Overview and Level Annotations

Branches:
Dungeon (5/15)
 Temple: D:4-7

Altars:
Elyvilon
Nemelex Xobeh
Trog
Wu Jian
Yredelemnul
Zin


Innate Abilities, Weirdness & Mutations

Your experience applies equally to all skills.
You have very sharp teeth.
Your uncanny sense of smell can sniff out nearby items.


Message History

q - a scroll of fear {!r}
Found an escape hatch in the ceiling.
An ice beast comes into view.
There is an escape hatch in the floor here.
An orc comes into view.
The orc shouts!
Found 13 gold pieces.
The ice beast barely misses you.
An ogre comes into view.
It is wielding a +0 giant spiked club. x2
Found 14 stones.
The ogre shouts!
You puncture the ice beast!
The ice beast is moderately wounded.
The ice beast barely misses you.
You hit the ice beast.
The ice beast is poisoned.
The ice beast is moderately wounded.
The orc hits you but does no damage. The ice beast hits you.
The ice beast freezes you. You resist.
Damage: 7 (max 7)
There is an escape hatch in the floor here.
You puncture the orc!
You kill the orc!
The ice beast closely misses you.
There is a stone staircase leading up here.
You closely miss the ice beast.
The ice beast is severely wounded.
The ice beast misses you.
You barely miss the ice beast.
The ice beast is severely wounded.
The ice beast barely misses you.
You hit the ice beast.
The ice beast looks even sicker.
You bite the ice beast, but do no damage.
The ice beast is almost dead.
The ice beast hits you. The ice beast freezes you. You resist.
The ogre hits you with a +0 giant spiked club.
Damage: 5 (max 7)
The ice beast hits you but does no damage.
You climb upwards.
There is a stone staircase leading down here.
Unknown command.
You kill the ice beast!
You hit the ogre.
The ogre is poisoned.
The ogre is lightly wounded.
The ogre hits you with a +0 giant spiked club!!
* * * LOW HITPOINT WARNING * * *
Damage: 24 (max 24)
You hit the ogre.
The ogre is moderately wounded.
The ogre hits you with a +0 giant spiked club!!
You die...

#.# #.# ##### #####.# #.#
###...# #<....# #.###
..#...# ######## #...#
#.#...# #.....# ###.#
......# #.###.# #.#
##....#####.#>..####### #.#
..+...'.....>.####....# #.#
##....###.#....O@..##.# #.#
##....###.###.#######.###.#
..........................#
......#######.###########.#
......# #.# #.# ......# #.#
#.# ......# #.###########.#
...#..# #####........#<##.#
...##.###..........#.#.##.#


You could see an ogre.

Vanquished Creatures
  An ice beast (D:4)
  An orc warrior (D:4)
  An ogre (D:3)
  2 howler monkeys
  A bullfrog zombie (D:5)
  A hound (D:4)
  A bullfrog skeleton (D:4)
  A gnoll shaman (D:3)
  2 orc priests
  8 orc wizards
  Jessica (D:3)
  Terence (D:2)
  A worker ant (D:4)
  A hound skeleton (D:4)
  5 adders
  26 gnolls (D:3)
  A worm (D:4)
  4 dart slugs
  3 leopard geckos
  21 orcs
  6 giant cockroaches
  5 goblins
  6 hobgoblins
  18 jackals (D:3)
  7 kobolds
  2 quokkas
  6 bats
  9 frilled lizards
  A leopard gecko zombie (D:5)
  A quokka zombie (D:5)
  7 rats
151 creatures vanquished.

Notes
Turn   | Place    | Note
-------+----------+-------------------------------------------
     0 | D:1      | Gorice the Gnoll Wanderer began the quest for the Orb.
     0 | D:1      | Gorice set off with: a scroll of teleportation {!r}, a +0
                  | robe, a +0 club, a ration
     0 | D:1      | Reached XP level 1. HP: 13/13 MP: 6/6
   112 | D:1      | Reached XP level 2. HP: 8/19 MP: 7/7
  1073 | D:2      | Reached XP level 3. HP: 25/25 MP: 9/9
  1080 | D:2      | Reached skill level 5 in Spellcasting
  1099 | D:2      | Noticed Terence
  1127 | D:2      | HP: 5/25 [Terence/+0 flail of crushing (5)]
  1138 | D:2      | Killed Terence
  1138 | D:2      | Reached skill level 1 in Invocations
  1142 | D:2      | HP: 4/25 [frilled lizard (1)]
  1143 | D:2      | Reached skill level 1 in Fighting
  1143 | D:2      | Reached skill level 1 in Short Blades
  1143 | D:2      | Reached skill level 1 in Long Blades
  1143 | D:2      | Reached skill level 1 in Axes
  1143 | D:2      | Reached skill level 1 in Maces & Flails
  1143 | D:2      | Reached skill level 1 in Polearms
  1143 | D:2      | Reached skill level 1 in Staves
  1143 | D:2      | Reached skill level 1 in Slings
  1143 | D:2      | Reached skill level 1 in Bows
  1143 | D:2      | Reached skill level 1 in Crossbows
  1143 | D:2      | Reached skill level 1 in Throwing
  1143 | D:2      | Reached skill level 1 in Armour
  1143 | D:2      | Reached skill level 1 in Dodging
  1143 | D:2      | Reached skill level 1 in Unarmed Combat
  1143 | D:2      | Reached skill level 1 in Evocations
  1148 | D:2      | HP: 2/26 [frilled lizard (1)]
  1611 | D:2      | Reached XP level 4. HP: 32/32 MP: 11/11
  1761 | D:2      | Found a bloodstained altar of Trog.
  1761 | D:2      | Found a sparkling altar of Nemelex Xobeh.
  1762 | D:2      | Found an ornate altar of the Wu Jian Council.
  1826 | D:2      | Found a glowing silver altar of Zin.
  2108 | D:3      | Noticed Jessica
  2115 | D:3      | Killed Jessica
  2115 | D:3      | Reached skill level 1 in Hexes
  2115 | D:3      | Reached skill level 1 in Charms
  2115 | D:3      | Reached skill level 1 in Summonings
  2115 | D:3      | Reached skill level 1 in Necromancy
  2115 | D:3      | Reached skill level 1 in Translocations
  2115 | D:3      | Reached skill level 1 in Ice Magic
  2115 | D:3      | Reached skill level 1 in Air Magic
  2115 | D:3      | Reached skill level 1 in Earth Magic
  2115 | D:3      | Reached skill level 1 in Poison Magic
  2124 | D:3      | Reached XP level 5. HP: 35/37 MP: 12/12
  2526 | D:3      | Reached skill level 3 in Shields
  2831 | D:3      | Reached skill level 4 in Conjurations
  2831 | D:3      | Reached skill level 4 in Transmutations
  2831 | D:3      | Reached skill level 4 in Fire Magic
  3055 | D:3      | Noticed an ogre
  3057 | D:3      | Killed an ogre
  3057 | D:3      | Reached skill level 3 in Stealth
  3057 | D:3      | Reached skill level 2 in Invocations
  3057 | D:3      | Reached XP level 6. HP: 43/44 MP: 13/13
  3287 | D:3      | Reached skill level 2 in Fighting
  3287 | D:3      | Reached skill level 2 in Short Blades
  3287 | D:3      | Reached skill level 2 in Long Blades
  3287 | D:3      | Reached skill level 2 in Axes
  3287 | D:3      | Reached skill level 2 in Maces & Flails
  3287 | D:3      | Reached skill level 2 in Polearms
  3287 | D:3      | Reached skill level 2 in Staves
  3287 | D:3      | Reached skill level 2 in Slings
  3287 | D:3      | Reached skill level 2 in Bows
  3287 | D:3      | Reached skill level 2 in Crossbows
  3287 | D:3      | Reached skill level 2 in Throwing
  3287 | D:3      | Reached skill level 2 in Armour
  3287 | D:3      | Reached skill level 2 in Dodging
  3287 | D:3      | Reached skill level 2 in Unarmed Combat
  3287 | D:3      | Reached skill level 2 in Evocations
  3962 | D:3      | Reached XP level 7. HP: 47/50 MP: 15/15
  4904 | D:4      | Reached skill level 2 in Hexes
  4904 | D:4      | Reached skill level 2 in Charms
  4904 | D:4      | Reached skill level 2 in Summonings
  4904 | D:4      | Reached skill level 2 in Necromancy
  4904 | D:4      | Reached skill level 2 in Translocations
  4904 | D:4      | Reached skill level 2 in Ice Magic
  4904 | D:4      | Reached skill level 2 in Air Magic
  4904 | D:4      | Reached skill level 2 in Earth Magic
  4904 | D:4      | Reached skill level 2 in Poison Magic
  4933 | D:4      | Found a white marble altar of Elyvilon.
  5057 | D:4      | Found a basalt altar of Yredelemnul.
  5357 | D:4      | Reached skill level 3 in Invocations
  5609 | D:4      | Reached XP level 8. HP: 41/57 MP: 16/16
  5620 | D:4      | Reached skill level 4 in Shields
  5664 | D:4      | Reached skill level 3 in Fighting
  5664 | D:4      | Reached skill level 3 in Short Blades
  5664 | D:4      | Reached skill level 3 in Long Blades
  5664 | D:4      | Reached skill level 3 in Axes
  5664 | D:4      | Reached skill level 3 in Maces & Flails
  5664 | D:4      | Reached skill level 3 in Polearms
  5664 | D:4      | Reached skill level 3 in Staves
  5664 | D:4      | Reached skill level 3 in Slings
  5664 | D:4      | Reached skill level 3 in Bows
  5664 | D:4      | Reached skill level 3 in Crossbows
  5664 | D:4      | Reached skill level 3 in Throwing
  5664 | D:4      | Reached skill level 3 in Armour
  5664 | D:4      | Reached skill level 3 in Dodging
  5664 | D:4      | Reached skill level 3 in Unarmed Combat
  5664 | D:4      | Reached skill level 3 in Evocations
  6062 | D:5      | Entered Level 5 of the Dungeon
  6088 | D:5      | Reached skill level 4 in Stealth
  6096 | D:5      | Reached skill level 6 in Spellcasting
  6400 | D:4      | Slain by an ogre

Vault maps used:
D:1:      lightli_arrival_isolated_outpost
D:2:      old_standard_altar, gammafunk_temple_overflow_claw, first_ration,
          uniq_terence
D:3:      lemuel_castle_with_subvaults, uniq_jessica
D:4:      lemuel_doored_altar, nicolae_overflow_crystal_walls,
          guppyfry_early_orc_mine
D:5:      grunt_temple_overflow_champion_of_chaos, old_standard_altar

Skill      XL: |  1  2  3  4  5  6  7  8 |
---------------+-------------------------+-----
Spellcasting   | 5 6 |  6.0
Invocations    | 1 2 3 |  3.6
Fighting       | 1 2 3 |  3.3
Short Blades   | 1 2 3 |  3.3
Long Blades    | 1 2 3 |  3.3
Axes           | 1 2 3 |  3.3
Maces & Flails | 1 2 3 |  3.3
Polearms       | 1 2 3 |  3.3
Staves         | 1 2 3 |  3.3
Slings         | 1 2 3 |  3.3
Bows           | 1 2 3 |  3.3
Crossbows      | 1 2 3 |  3.3
Throwing       | 1 2 3 |  3.3
Armour         | 1 2 3 |  3.3
Dodging        | 1 2 3 |  3.3
Unarmed Combat | 1 2 3 |  3.3
Evocations     | 1 2 3 |  3.3
Hexes          | 1 2 |  2.6
Charms         | 1 2 |  2.6
Summonings     | 1 2 |  2.6
Necromancy     | 1 2 |  2.6
Translocations | 1 2 |  2.6
Ice Magic      | 1 2 |  2.6
Air Magic      | 1 2 |  2.6
Earth Magic    | 1 2 |  2.6
Poison Magic   | 1 2 |  2.6
Shields        | 3 4 |  4.2
Conjurations   | 4 |  4.7
Transmutations | 4 |  4.7
Fire Magic     | 4 |  4.7
Stealth        | 3 4 |  4.1

Action                   |  1- 3 |  4- 6 |  7- 9 || total
-------------------------+-------+-------+-------++-------
Melee: Hand axe          |    29 |       |       ||    29
       Club              |     6 |       |       ||     6
       Bite              |     4 |    10 |    23 ||    37
       Short sword       |    33 |   174 |   238 ||   445
       Punch             |       |     2 |     5 ||     7
Throw: Stone             |     1 |    37 |     3 ||    41
       Javelin           |       |     4 |     2 ||     6
       Tomahawk          |       |       |     4 ||     4
  Use: Scroll            |       |     9 |     2 ||    11
 Stab: Sleeping          |     2 |       |       ||     2
  Eat: Chunk             |     2 |     8 |     8 ||    18
Armor: Robe              |    14 |       |       ||    14
       Ring mail         |     8 |    25 |       ||    33
       Scale mail        |       |    58 |    71 ||   129
Dodge: Dodged            |    57 |    90 |    95 ||   242

Table legend:
 A = Non-vault XP
 B = Vault XP
 C = Vault XP percentage of total XP
 D = Non-vault monster count
 E = Vault monster count
 F = Vault count percentage of total count
                 A         B        C        D         E       F
            +---------+---------+-------+---------+---------+-------
      Total |     959 |     865 |  47.4 |      96 |      55 |  36.4
            +---------+---------+-------+---------+---------+-------
        D:1 |      32 |       0 |   0.0 |      19 |       0 |   0.0
        D:2 |      30 |      36 |  54.5 |      16 |       1 |   5.9
        D:3 |     105 |     601 |  85.1 |      20 |      47 |  70.1
        D:4 |     587 |     228 |  28.0 |      29 |       7 |  19.4
        D:5 |     205 |       0 |   0.0 |      12 |       0 |   0.0
            +---------+---------+-------+---------+---------+-------

Table legend:
 A = Turns spent in this place as a percentage of turns spent in the entire game.
 B = Non-inter-level travel turns spent in this place as a percentage of non-inter-level travel turns spent in the entire game.
 C = Inter-level travel turns spent in this place as a percentage of turns spent in this place.
 D = Turns resting spent in this place as a percentage of non-inter-level travel turns spent in this place.
 E = Turns spent auto-exploring this place as a percentage of non-inter-level travel turns spent in this place.
 F = Non-inter-level travel turns spent in this place divided by the number of levels of this place that you've seen.
                   A       B       C       D       E      F
               +-------+-------+-------+-------+-------+----------------------
         Total | 100.0 | 100.0 |   2.4 |  31.5 |  33.1 | 1249.8
       Dungeon | 100.0 | 100.0 |   2.4 |  31.5 |  33.1 | 1249.8
               +-------+-------+-------+-------+-------+----------------------

Vault maps used:
D:1:      lightli_arrival_isolated_outpost
D:2:      old_standard_altar, gammafunk_temple_overflow_claw, first_ration,
          uniq_terence
D:3:      lemuel_castle_with_subvaults, uniq_jessica
D:4:      lemuel_doored_altar, nicolae_overflow_crystal_walls,
          guppyfry_early_orc_mine
D:5:      grunt_temple_overflow_champion_of_chaos, old_standard_altar
